 Dungeon Crawl Stone Soup version 0.26.0-15-gc6cd9f7 (webtiles) character file.

Game seed: 6769582497081238120

1920 Dani the Cleaver (level 8, -10/68 HPs)
             Began as a Deep Dwarf Fighter on Jan 23, 2021.
             Was an Initiate of Makhleb.
             Mangled by a white ugly thing (21 damage)
             ... on level 7 of the Dungeon.
             The game lasted 00:08:50 (1274 turns).

Dani the Cleaver (Deep Dwarf Fighter)               Turns: 1274, Time: 00:08:51

Health: -10/68     AC:  9    Str: 23    XL:     8   Next: 96%
Magic:  6/6        EV:  7    Int:  8    God:    Makhleb [......]
Gold:   185        SH:  9    Dex: 12    Spells: 7/7 levels left

rFire    . . .     SeeInvis .   a - +0 war axe
rCold    . . .     Faith    .   c - +0 kite shield
rNeg     . . .     Spirit   .   b - +0 scale mail
rPois    .         Reflect  .   k - +0 helmet
rElec    .         Harm     .   (no cloak)
rCorr    .         Rampage  .   n - +0 pair of gloves
Will     +....                  (no boots)
Stlth    ..........             (no amulet)
HPRegen  0.00/turn              (no ring)
MPRegen  0.10/turn              (no ring)

@: non-regenerating
A: damage resistance, heal wounds, sense surroundings 1, no regeneration
a: Heal Wounds, Renounce Religion


You were on level 7 of the Dungeon.
You worshipped Makhleb.
Makhleb was noncommittal.
You visited 1 branch of the dungeon, and saw 7 of its levels.

You collected 185 gold pieces.

Inventory:

Hand Weapons
 a - a +0 war axe (weapon)
 i - a cursed -2 trident
   (You found it on level 2 of the Dungeon)
Armour
 b - a +0 scale mail (worn)
 c - a +0 kite shield (worn)
 k - a +0 helmet (worn)
   (You found it on level 4 of the Dungeon)
 n - a +0 pair of gloves (worn)
   (You found it on level 5 of the Dungeon)
Wands
 A - a wand of acid (2)
   (You found it on level 5 of the Dungeon)
Scrolls
 f - 5 scrolls of remove curse {unknown}
 h - a scroll of amnesia {unknown}
 l - a scroll of blinking {unknown}
 m - a scroll of identify {unknown}
 r - a scroll of immolation {unknown}
 s - a scroll of teleportation {unknown}
 t - a scroll of enchant weapon {unknown}
 u - a scroll of magic mapping {unknown}
Potions
 d - a potion of might
 e - 2 potions of heal wounds {unknown}
 g - a potion of mutation {unknown}
 j - a potion of degeneration {unknown}
 o - 2 potions of curing {unknown}
 p - a potion of lignification {unknown}
Miscellaneous
 q - a tin of tremorstones (inert)
   (You found it on level 6 of the Dungeon)


   Skills:
 + Level 2.8 Fighting
 * Level 12.3 Axes
 + Level 3.4 Armour
 + Level 0.6 Dodging
 + Level 3.4 Shields
 + Level 0.7 Invocations
 + Level 0.8 Evocations


You had 7 spell levels left.
You didn't know any spells.
Your spell library was empty.

Dungeon Overview and Level Annotations

Branches:
Dungeon (7/15)
 Temple: D:4-7

Altars:
Cheibriados
Makhleb
Qazlal
Yredelemnul


Innate Abilities, Weirdness & Mutations

You are resistant to damage.
You can heal yourself by infusing magical energy.
You passively map a small area around you.
You do not regenerate.


Message History

You kill the orc!
Makhleb accepts your kill. The orc closely misses you.
You hit the orc but do no damage. You block the orc's attack.
You slash the orc!
You kill the orc!
Makhleb accepts your kill.
No target in view!
No target in view!
There is a fountain of clear blue water here.
f - 5 scrolls labelled LAEZAT CUUKU (gained 1)
There is a fountain of clear blue water here.
You open the door.
A bullfrog, 2 ugly things and a white imp come into view.
The green ugly thing gurgles horribly!
The white ugly thing gurgles horribly!
The white imp shouts!
A bullfrog zombie comes into view.
Found a pair of gloves, 20 arrows and a scroll labelled YVARRA WEJY.
A basilisk, a quokka and a hydra come into view.
The basilisk hisses angrily.
Found a halberd, 48 gold pieces and a glowing rapier.
There is an open door here.
You miss the bullfrog. The bullfrog closely misses you.
The green ugly thing basks in the mutagenic energy from its kin and changes!
You closely miss the bullfrog. The bullfrog barely misses you.
The white imp puffs mist at you. You block the bullfrog's attack.
Evoke which item? (* to show all) (? for menu, Esc to quit)
Okay, then.
Evoke which item? (* to show all) (? for menu, Esc to quit)
Okay, then.
You slash the bullfrog!
The bullfrog is moderately wounded.
You block the bullfrog's attack.
You hit the bullfrog.
The bullfrog is heavily wounded.
The bullfrog hits you but does no damage.
Evoke which item? (* to show all) (? for menu, Esc to quit)
Aiming: Corrosive Bolt
Press: ? - help, Shift-Dir - straight line, f - white ugly thing
Aim: a white ugly thing (29% to evade)
The bolt of acid hits the white ugly thing!
The white ugly thing is splashed with acid.
The white ugly thing is moderately wounded.
The bolt of acid hits the bullfrog!
The bullfrog is splashed with acid.
The acid corrodes the bullfrog!
You kill the bullfrog!
Makhleb accepts your kill.
The bolt of acid hits the basilisk!
The basilisk is splashed with acid.
The acid corrodes the basilisk!
The basilisk is moderately wounded.
The bolt of acid hits the white ugly thing.
The white ugly thing is splashed with acid!
The acid corrodes the white ugly thing!
The white ugly thing is lightly wounded.
The white ugly thing tentacle-slaps you!
* * * LOW HITPOINT WARNING * * *
The white ugly thing freezes you!
* * * LOW HITPOINT WARNING * * *
Evoke which item? (* to show all) (? for menu, Esc to quit)
Aiming: Corrosive Bolt
Press: ? - help, Shift-Dir - straight line, f/p - white ugly thing
Aim: a white ugly thing (moderately wounded, 29% to evade)
The bolt of acid hits the white ugly thing!
The white ugly thing is splashed with acid.
The white ugly thing is heavily wounded.
The bolt of acid hits the four-headed hydra!
The four-headed hydra is splashed with acid.
The acid corrodes the four-headed hydra!
The four-headed hydra is lightly wounded.
The bolt of acid misses the white ugly thing.
The bolt of acid hits the basilisk!
The basilisk is splashed with acid.
The basilisk is severely wounded.
The white ugly thing tentacle-slaps you.
* * * LOW HITPOINT WARNING * * *
The white ugly thing freezes you!
* * * LOW HITPOINT WARNING * * *
Evoke which item? (* to show all) (? for menu, Esc to quit)
Aiming: Corrosive Bolt
Press: ? - help, Shift-Dir - straight line, f/p - white ugly thing
Aim: a white ugly thing (heavily wounded, 29% to evade)
The bolt of acid hits the white ugly thing!
The white ugly thing is splashed with acid.
The acid corrodes the white ugly thing!
The white ugly thing is severely wounded.
The bolt of acid hits the four-headed hydra!
The four-headed hydra is splashed with acid.
The four-headed hydra seems to be corroded for longer.
The four-headed hydra is moderately wounded.
The bolt of acid hits the white ugly thing!
The white ugly thing is splashed with acid.
The white ugly thing seems to be corroded for longer.
The white ugly thing is heavily wounded.
The bolt of acid hits the basilisk!
The basilisk is splashed with acid.
You kill the basilisk!
Makhleb accepts your kill.
The white ugly thing tentacle-slaps you!
* * * LOW HITPOINT WARNING * * *
The white ugly thing freezes you!!
You die...

* ,
##8##.:.#.##...#
#########†##[....#
,
#.......#..###<..#
,#.⌠...⌠.#..#
##(.# *
#....⌠..#..# #..#
,+...⌠)..'.## #..#
#..⌠....### #..# ,
#.⌠...⌠.# #..#
#...@...# #..#
####u#### #..###
#D# #.)..# *


5ur * #)##.# ..Z..* #)# .# ....... * ###.# # *........r #...# * *....?[(....
#.###* ....$$#)).^.. #.# * * You could see a four-headed hydra (corroded), 2
ugly things, a white imp, a bullfrog zombie and a quokka.

Vanquished Creatures
  Pikel (D:5)
  A basilisk (D:7)
  2 orc warriors
  An ice beast (D:6)
  3 sky beasts (D:6)
  An ogre (D:6)
  2 centaurs (D:6)
  3 bullfrogs
  A bullfrog zombie (D:6)
  2 orc priests (D:7)
  A bullfrog skeleton (D:7)
  A hound (D:7)
  4 orc wizards
  A worker ant (D:7)
  2 iguanas
  A killer bee zombie (D:6)
  A hound skeleton (D:7)
  A howler monkey zombie (D:6)
  An adder (D:5)
  A white imp (D:6)
  An ufetubus (D:7)
  An ooze (D:4)
  An adder skeleton (D:6)
  A worm (D:3)
  15 orcs
  A ball python (D:6)
  3 giant cockroaches
  5 goblins
  5 hobgoblins
  4 kobolds
  A quokka (D:6)
  3 bats
  4 rats
76 creatures vanquished.

Notes
Turn   | Place    | Note
-------+----------+-------------------------------------------
     0 | D:1      | Dani the Deep Dwarf Fighter began the quest for the Orb.
     0 | D:1      | Reached XP level 1. HP: 20/20 MP: 1/1
    78 | D:1      | Reached skill level 3 in Axes
    78 | D:1      | Reached XP level 2. HP: 16/27 MP: 2/2
   342 | D:3      | Reached XP level 3. HP: 21/33 MP: 2/2
   412 | D:4      | Reached skill level 4 in Axes
   493 | D:5      | Entered Level 5 of the Dungeon
   530 | D:5      | Noticed a lemure
   530 | D:5      | Noticed a lemure
   532 | D:5      | Noticed Pikel
   533 | D:5      | Noticed a lemure
   543 | D:5      | Noticed a lemure
   561 | D:5      | Killed Pikel
   562 | D:5      | Reached skill level 8 in Axes
   562 | D:5      | Reached XP level 4. HP: 26/40 MP: 3/3
   562 | D:5      | Reached XP level 5. HP: 30/46 MP: 4/4
   562 | D:5      | Reached XP level 6. HP: 36/55 MP: 5/5
   562 | D:5      | Reached XP level 7. HP: 40/61 MP: 6/6
   671 | D:6      | Reached skill level 9 in Axes
   727 | D:6      | Reached skill level 10 in Axes
   764 | D:6      | Reached XP level 8. HP: 50/68 MP: 7/7
   834 | D:6      | Reached skill level 11 in Axes
   905 | D:6      | Found a basalt altar of Yredelemnul.
   947 | D:6      | Found a snail-covered altar of Cheibriados.
  1070 | D:6      | Found a basalt altar of Yredelemnul.
  1072 | D:6      | Found a burning altar of Makhleb.
  1072 | D:6      | Found a stormy altar of Qazlal.
  1077 | D:6      | Became a worshipper of Makhleb the Destroyer
  1185 | D:7      | Reached skill level 12 in Axes
  1265 | D:7      | Noticed a green ugly thing
  1265 | D:7      | Noticed a white ugly thing
  1266 | D:7      | Noticed a four-headed hydra
  1274 | D:7      | HP: 11/68 [white ugly thing (9)]
  1274 | D:7      | Mangled by a white ugly thing

Illustrated notes

Levels and vault maps discovered:
D:1:      ldierk_walled_garden_2, layout_basic, hex_intersection,
          dk_noncrumbling_4, minmay_misc_feat_nine_boxes
D:2:      layout_basic, lemuel_round_altar
D:3:      layout_basic
D:4:      layout_basic, minmay_temple_entry_wispy, serial_shops, shop,
          chequers_mini_garden, st_stairs_10, uniq_eustachio
D:5:      layout_loops_ring, uniq_pikel, uniq_ijyb, uniq_blork_the_orc,
          uniq_edmund
D:6:      minmay_clustersquares, layout_basic, cheibriados_altar_1,
          chequers_temple_overflow_statue_of_worship, basic_altar
D:7:      minmay_chambers_of_sevens, layout_loops_ring,
          nicolae_ossuary_entry_giza, uniq_menkaure

Skill      XL: |  1  2  3  4  5  6  7  8 |
---------------+-------------------------+-----
Axes           | 3 8 10 12 | 12.3
Fighting       | |  2.8
Armour         | |  3.4
Dodging        | |  0.6
Shields        | |  3.4
Invocations    | |  0.7
Evocations     | |  0.8

Action                   |  1- 3 |  4- 6 |  7- 9 || total
-------------------------+-------+-------+-------++-------
Melee: War axe           |   105 |       |   202 ||   307
 Abil: Heal Wounds       |     2 |       |     8 ||    10
Evoke: Wand              |       |       |     3 ||     3
       Tin of tremorston |       |       |     2 ||     2
Armor: Scale mail        |    40 |       |    57 ||    97
Dodge: Dodged            |    29 |       |    47 ||    76
Block: Kite shield       |    52 |       |    93 ||   145

Table legend: (Time is in decaauts)
 A = Elapsed time spent in this place.
 B = Non-inter-level travel time spent in this place.
 C = Inter-level travel time spent in this place.
 D = Time resting spent in this place.
 E = Time spent auto-exploring this place.
 F = Levels seen in this place.
 G = Mean time per level.
                   A        B        C        D        E       F      G
               +--------+--------+--------+--------+--------+-----+--------+
         Total |   1324 |   1280 |     44 |      0 |      0 |   7 |  189.1 |
       Dungeon |   1324 |   1280 |     44 |      0 |      0 |   7 |  189.1 |
               +--------+--------+--------+--------+--------+-----+--------+

Top non-repeatable levels by time:
     D:6: 466 daAuts
     D:7: 178 daAuts
     D:5: 152 daAuts
     D:2: 145 daAuts
     D:3: 138 daAuts
     D:4: 135 daAuts
     D:1: 107 daAuts

Table legend:
 A = Kills in this place as a percentage of kills in entire the game.
 B = Kills by you in this place as a percentage of kills by you in the entire game.
 C = Kills by friends in this place as a percentage of kills by friends in the entire game.
 D = Other kills in this place as a percentage of other kills in the entire game.
 E = Experience gained in this place as a percentage of experience gained in the entire game.
 F = Experience gained in this place divided by the number of levels of this place that you have seen.
                   A       B       C       D       E      F
               +-------+-------+-------+-------+-------+----------------------
         Total | 100.0 | 100.0 |   N/A |   N/A | 100.0 | 419.6
       Dungeon | 100.0 | 100.0 |   N/A |   N/A | 100.0 | 419.6
               +-------+-------+-------+-------+-------+----------------------
